 Dungeon Crawl Stone Soup version 0.23.0 (webtiles) character file.

Game seed: 17983804053180673947

15619 Revguard the Severer (level 12, -17/95 HPs)
             Began as a Hill Orc Monk on Feb 14, 2019.
             Was a High Priest of Beogh.
             Killed from afar by an orc sorcerer (22 damage)
             ... with a bolt of fire
             ... on level 2 of the Orcish Mines.
             The game lasted 00:56:31 (13503 turns).

Revguard the Severer (Hill Orc Monk)               Turns: 13503, Time: 00:56:35

Health: -17/95     AC: 27    Str: 18    XL:     12   Next: 28%
Magic:  3/19       EV:  8    Int: 10    God:    Beogh [*****.]
Gold:   1643       SH:  0    Dex: 16    Spells: 11/11 levels left

rFire    . . .     SeeInvis .   z - +3 battleaxe
rCold    + . .     Gourm    .   (shield currently unavailable)
rNeg     . . .     Faith    .   M - +8 plate armour of Proximity {rC+ MR+}
rPois    .         Spirit   .   (helmet restricted)
rElec    .         Reflect  .   (no cloak)
rCorr    .         Harm     .   D - +2 pair of gloves
MR       ++...                  n - +0 pair of boots
Stlth    ..........             Q - amulet "Xetan" {MR+ Regen+}
HPRegen  0.65/turn              p - ring of flight
MPRegen  0.16/turn              m - +2 ring of strength

@: berserk cooldown, flying, slowed, lightly drained, very slow
A: walk on water, horns 1, frail 1, MP-powered wands
a: Smiting, Recall Orcish Followers, Give Item to Named Follower, Renounce
Religion


You were on level 2 of the Orcish Mines.
You worshipped Beogh.
Beogh was extremely pleased with you.
You were not hungry.

You visited 2 branches of the dungeon, and saw 13 of its levels.
You also visited: Bailey.

You collected 2282 gold pieces.
You spent 639 gold pieces at shops.

Inventory:

Hand Weapons
 a - a +1 short sword of protection
 z - a +3 battleaxe (weapon)
Armour
 e - a +3 plate armour
 g - a +0 scale mail
 n - a +0 pair of boots (worn)
 u - a +0 helmet
 D - a +2 pair of gloves (worn)
 M - the +8 plate armour of Proximity (worn) {rC+ MR+}
   (You found it on level 7 of the Dungeon)

   It protects you from cold.
   It affects your resistance to hostile enchantments.
Jewellery
 i - a +5 ring of intelligence
 j - an uncursed ring of stealth
 k - an uncursed ring of magical power
 m - a +2 ring of strength (right hand)
 p - a ring of flight (left hand)
 r - an uncursed ring of protection from cold
 v - an uncursed ring of protection from cold
 x - an uncursed ring of wizardry
 K - a +2 ring of protection
 Q - the amulet "Xetan" (around neck) {MR+ Regen+}
   (You bought it in a shop on level 11 of the Dungeon)

   [amulet of regeneration]

   It affects your resistance to hostile enchantments.
   It increases your rate of regeneration.
 S - an uncursed ring of protection from cold
Wands
 y - a wand of digging (2)
 A - a wand of iceblast (8)
 I - a wand of disintegration (7)
 J - a wand of scattershot (4)
Scrolls
 b - 3 scrolls of amnesia
 f - 3 scrolls of immolation
 h - 6 scrolls of identify
 G - 2 scrolls of remove curse
 H - a scroll of blinking
 L - a scroll of torment
 N - a scroll of acquirement {unknown}
 O - 2 scrolls of teleportation
Potions
 d - 3 potions of brilliance
 l - 6 potions of curing
 o - 3 potions of might
 q - a potion of cancellation
 s - 5 potions of agility
 t - 3 potions of degeneration
 w - a potion of haste
 C - 3 potions of lignification
Comestibles
 c - 18 rations


   Skills:
 + Level 10.0(9.4) Fighting
 + Level 15.7(15.1) Axes
 + Level 10.1(9.6) Armour
 + Level 4.5(4.0) Dodging
 - Level 1.5(1.1) Stealth
 * Level 10.1(9.6) Invocations
 + Level 1.7(1.3) Evocations


You had 11 spell levels left.
You didn't know any spells.
Your spell library contained the following spells:

 Spells                   Type           Power        Failure   Level  Hunger
 Infusion                 Chrm           #...         100%        1    ##.....
 Shroud of Golubria       Chrm/Tloc      #.........   100%        2    ###....
 Song of Slaying          Chrm           #.......     100%        2    ###....
 Regeneration             Chrm/Necr      #.........   100%        3    ####...
 Spectral Weapon          Hex/Chrm       #.......     100%        3    ####...


Dungeon Overview and Level Annotations

Branches:
Dungeon (11/15)            Temple (0/1) D:6            Lair (0/6) D:9
    Orc (2/2) D:11
    Elf: Orc:2

Altars:
Dithmenos
Gozag
Hepliaklqana
Makhleb
Nemelex Xobeh
Sif Muna
Trog
Uskayaw
Zin

Shops:
D:11 }}=   Orc:2 :

Annotations:
D:10 3 runed translucent doors, Azzok's ghost, novice MiFi


Innate Abilities, Weirdness & Mutations

You can walk on water.
You have a pair of small horns on your head.
You are frail. (-10% HP)
You expend magic power (3 MP) to strengthen your wands.


Message History

Your orc knight is drained!
The bolt of negative energy hits you!
You feel drained.
* * * LOW HITPOINT WARNING * * *
Your orc knight closely misses the orc sorcerer.
The orc knight roars a battlecry!
The orcs go into a battle-frenzy!
Worak unwields a +0 arbalest.
Worak wields a +0 demon whip.
Worak hits something with a +0 demon whip.
The crimson imp hits your orc.
Your soul eater hits the orc sorcerer but does no damage.
Your orc closely misses the crimson imp.
Your orc closely misses the orc high priest.
Your orc misses the orc warrior.
The orc warrior hits you but does no damage.
Something hits Worak but does no damage.
Your orc closely misses the orc warrior.
The orc sorcerer gestures at you while chanting.
The bolt of fire hits Worak!
The bolt of fire hits you!!
You die...
Beogh appreciates the orc sorcerer's killing of a heretic priest.

.))))§.(... #.#...
#..o)o)..o# #.#.§.
#.))))5o.o# #o#...
#...53oo.o# #o#._.
#..o4o4o.5# #.#...
#..§.3o)o.# #o####
###§§ooo###### #####o.##.
#....))o..##.##.##.#o##..
###....o@o#....##..o####.
###.ooo.##......o...#..
#....#H#.............
##.......o...........
##..........##......
##..##.............
######.....#.......
##..#.o............. .
###.....oo............


You could see 2 orc knights, an orc high priest, an orange demon, a neqoxec, 2
orc sorcerers, a red devil, 3 orc warriors, an orc priest (unaware), a crimson
imp, a shadow imp, 2 orcs, a friendly juvenile shockbat beast, a friendly orc
knight, a friendly soul eater, the friendly Worak the orc sorcerer, a friendly
orc priest and 4 friendly orcs.

Vanquished Creatures
  An orc warlord (Orc:2)
  3 two-headed ogres
  An orc high priest (Orc:2)
  An ugly thing (D:11)
  2 gargoyles
  A centaur skeleton (D:11)
  2 trolls
  A hippogriff (D:9)
  A wyvern (D:9)
  A spriggan (D:10)
  A yak (D:9)
  A hungry ghost (D:7)
  A water moccasin (D:7)
  9 orc warriors
  2 ice beasts (D:10)
  A sky beast (D:5)
  2 black bears (D:9)
  4 ogres
  A necrophage (D:9)
  5 phantoms
  10 centaurs
  A crocodile (D:9)
  A gnoll sergeant (D:7)
  7 bullfrogs
  2 wyvern skeletons
  3 scorpions
  11 wights
  3 electric eels (D:8)
  8 crimson imps
  A bullfrog zombie (D:9)
  A centaur zombie (D:5)
  A quasit (D:6)
  3 hounds
  3 jellies
  2 bullfrog skeletons
  3 iguanas
  2 worker ants
  Natasha (thrice) (D:2)
  3 orc wizards
  3 ogre zombies (D:11)
  A howler monkey skeleton (D:8)
  4 worker ant zombies
  4 gnolls
  8 adders
  A shadow imp (D:9)
  An adder zombie (D:9)
  An adder skeleton (D:9)
  2 worms
  A leopard gecko (D:4)
  12 orcs
  8 bats
  9 goblins
  11 hobgoblins
  9 jackals
  20 kobolds
  6 quokkas
  A frilled lizard (D:1)
  2 hobgoblin zombies (D:11)
  A jackal skeleton (D:6)
  A leopard gecko skeleton (D:5)
  6 orc zombies (D:11)
  A quokka zombie (D:5)
  6 rats
  A fungus (D:9)
  6 plants
235 creatures vanquished.

Vanquished Creatures (collateral kills)
  A stone giant (Orc:1)
  An ettin (Orc:1)
  An orc high priest (Orc:2)
  An unseen horror (D:11)
  An orc knight (Orc:2)
  An ugly thing (D:11)
  An orc sorcerer (Orc:2)
  2 trolls
  2 hippogriffs
  2 hungry ghosts (D:11)
  2 wargs (Orc:2)
  A two-headed ogre zombie (D:11)
  5 orc warriors
  A phantom (D:11)
  A sky beast (D:9)
  A black bear (D:11)
  A big kobold (D:11)
  A bullfrog (D:9)
  2 troll zombies (D:11)
  5 electric eels (D:8)
  A crimson imp (D:11)
  7 orc priests
  7 orc wizards
  A bullfrog skeleton (D:8)
  An iguana (D:11)
  2 ogre zombies (D:11)
  3 adders
  8 orcs
  A quokka (D:8)
  A goblin skeleton (D:11)
  2 goblin zombies (D:11)
  A hobgoblin skeleton (D:11)
  A hobgoblin zombie (D:11)
  2 kobolds (D:11)
  2 orc skeletons (D:11)
  10 orc zombies (D:11)
  2 fungi (D:9)
  8 plants
93 creatures vanquished.

Vanquished Creatures (others)
  2 orc knights (Orc:2)
  10 orc warriors (Orc:2)
  7 orc priests (Orc:2)
  7 orc wizards
  29 orcs
  A frilled lizard (D:5)
  13 fungi (D:9)
  3 plants
72 creatures vanquished.

Grand Total: 400 creatures vanquished

Notes
Turn   | Place    | Note
-------+----------+-------------------------------------------
     0 | D:1      | Revguard the Hill Orc Monk began the quest for the Orb.
     0 | D:1      | Reached XP level 1. HP: 19/19 MP: 1/1
   141 | D:1      | Reached XP level 2. HP: 20/27 MP: 2/2
   537 | D:2      | Reached skill level 1 in Armour
   718 | D:2      | Noticed Natasha
   730 | D:2      | Killed Natasha
   730 | D:2      | Reached XP level 3. HP: 17/33 MP: 3/3
   980 | D:2      | Found an opulent altar of Gozag.
  1092 | D:2      | Noticed Natasha
  1108 | D:2      | Killed Natasha
  1108 | D:2      | Reached skill level 5 in Axes
  1108 | D:2      | Reached XP level 4. HP: 25/40 MP: 4/4
  1142 | D:2      | Noticed Natasha
  1155 | D:2      | Killed Natasha
  1597 | D:3      | Found a faded altar of an unknown god.
  1747 | D:3      | Reached XP level 5. HP: 32/47 MP: 5/5
  1961 | D:3      | Found a bloodstained altar of Trog.
  2678 | D:4      | You fall through a shaft!
  2678 | D:5      | Entered Level 5 of the Dungeon
  2678 | D:5      | Found a hide-covered altar of Uskayaw.
  2679 | D:5      | Noticed a sky beast
  2694 | D:5      | Killed a sky beast
  2694 | D:5      | Reached skill level 6 in Axes
  2694 | D:5      | Reached XP level 6. HP: 31/55 MP: 6/6
  2917 | D:5      | Reached skill level 5 in Fighting
  3170 | D:5      | Noticed a phantom
  3245 | D:5      | Killed a phantom
  3245 | D:5      | Reached skill level 7 in Axes
  3245 | D:5      | Reached XP level 7. HP: 51/61 MP: 7/7
  3535 | D:5      | Found a sparkling altar of Nemelex Xobeh.
  3602 | D:5      | Became a worshipper of Beogh the Brigand
  3602 | D:5      | Reached * piety under Beogh
  3602 | D:5      | Reached ** piety under Beogh
  4094 | D:6      | Reached skill level 8 in Axes
  4422 | D:6      | Reached XP level 8. HP: 69/69 MP: 8/8
  4587 | D:6      | Found a staircase to the Ecumenical Temple.
  4741 | D:6      | Found a glowing silver altar of Zin.
  4983 | D:7      | Reached skill level 5 in Armour
  4983 | D:7      | Reached skill level 1 in Invocations
  5484 | D:7      | Reached skill level 9 in Axes
  5566 | D:7      | Gained mutation: You are somewhat resistant to further
                  | mutation. [potion of mutation]
  5652 | D:7      | Reached XP level 9. HP: 13/77 MP: 11/11
  5919 | D:7      | You fall through a shaft for 3 floors!
  5919 | D:10     | Entered Level 10 of the Dungeon
  5920 | D:10     | Noticed a gargoyle
  5983 | D:10     | Noticed a two-headed ogre
  6192 | D:10     | Reached skill level 10 in Axes
  6500 | D:10     | Found a deep blue altar of Sif Muna.
  6581 | D:10     | Killed a two-headed ogre
  6581 | D:10     | Reached skill level 5 in Invocations
  7051 | D:10     | Reached skill level 11 in Axes
  7104 | D:10     | Found a runed translucent gate.
  7104 | D:10     | Found a runed translucent gate.
  7104 | D:10     | Found a runed translucent gate.
  7121 | D:10     | Noticed Azzok's ghost (novice MiFi)
  7370 | D:10     | Killed a gargoyle
  7370 | D:10     | Reached XP level 10. HP: 26/86 MP: 14/14
  8012 | D:9      | Found a flagged portal.
  8023 | Bailey   | Entered a bailey
  8032 | Bailey   | Noticed an orc knight
  8187 | Bailey   | Reached *** piety under Beogh
  8256 | Bailey   | Reached skill level 12 in Axes
  8677 | Bailey   | Lost mutation: You are somewhat resistant to further
                  | mutation. [potion of mutation]
  8677 | Bailey   | Gained mutation: You are frail. (-10% HP) [potion of
                  | mutation]
  8677 | Bailey   | Gained mutation: You expend magic power (3 MP) to
                  | strengthen your wands. [potion of mutation]
  8677 | Bailey   | Gained mutation: You have a pair of small horns on your
                  | head. [potion of mutation]
  9276 | D:9      | Reached skill level 1 in Evocations
  9303 | D:9      | Found a staircase to the Lair.
  9375 | D:9      | Found a shadowy altar of Dithmenos.
  9422 | D:9      | Reached skill level 13 in Axes
  9991 | D:8      | Reached XP level 11. HP: 85/85 MP: 16/16
 10394 | D:8      | Found a burning altar of Makhleb.
 10833 | D:8      | Found a hazy altar of Hepliaklqana.
 11104 | D:8      | Noticed a two-headed ogre
 11112 | D:8      | Killed a two-headed ogre
 11112 | D:8      | Reached **** piety under Beogh
 11765 | D:7      | Got a faintly glowing plate armour
 11766 | D:7      | Identified the +8 plate armour of Proximity {rC+ MR+} (You
                  | found it on level 7 of the Dungeon)
 12225 | D:11     | Found a staircase to the Orcish Mines.
 12238 | D:11     | Reached skill level 14 in Axes
 12239 | D:11     | Gained Bogric as an ally
 12245 | D:11     | Gained Worak as an ally
 12313 | D:11     | Found Lixt's Gadget Shop.
 12381 | D:11     | Noticed a brown ugly thing
 12388 | D:11     | Killed a brown ugly thing
 12404 | D:11     | Found Optoum's Gadget Shop.
 12536 | D:11     | Reached ***** piety under Beogh
 12572 | D:11     | Noticed a purple ugly thing
 12585 | D:11     | Killed an unseen horror
 12586 | D:11     | Killed a purple ugly thing
 12631 | D:11     | Found Xubeff's Jewellery Shop.
 12636 | D:11     | Bought the amulet "Xetan" {MR+ Regen+} for 639 gold pieces
 12775 | Orc:1    | Entered Level 1 of the Orcish Mines
 12775 | Orc:1    | Noticed an ettin
 12782 | Orc:1    | Killed an ettin
 13170 | Orc:1    | Noticed a stone giant
 13177 | Orc:1    | Killed a stone giant
 13177 | Orc:1    | Reached skill level 15 in Axes
 13257 | Orc:2    | Entered Level 2 of the Orcish Mines
 13270 | Orc:2    | Found Welaisul's Book Shop.
 13334 | Orc:2    | Noticed a two-headed ogre
 13336 | Orc:2    | Found a burning altar of Makhleb.
 13339 | Orc:2    | Killed a two-headed ogre
 13339 | Orc:2    | Reached XP level 12. HP: 93/94 MP: 19/19
 13419 | Orc:2    | Found a bloodstained altar of Trog.
 13479 | Orc:2    | Noticed an orc high priest
 13480 | Orc:2    | Noticed an orc warlord
 13483 | Orc:2    | Noticed an orc high priest
 13484 | Orc:2    | Noticed a sun demon
 13489 | Orc:2    | Noticed a sun demon
 13492 | Orc:2    | HP: 4/94 [sixfirhy[an orc high priest] (11)]
 13494 | Orc:2    | Killed an orc high priest
 13494 | Orc:2    | Reached skill level 10 in Armour
 13496 | Orc:2    | Killed an orc high priest
 13496 | Orc:2    | Reached skill level 10 in Invocations
 13497 | Orc:2    | Noticed an orc high priest
 13498 | Orc:2    | Killed an orc warlord
 13498 | Orc:2    | Gained Boldo as an ally
 13499 | Orc:2    | Reached skill level 10 in Fighting
 13501 | Orc:2    | Your ally Bogric died
 13501 | Orc:2    | Your ally Boldo died
 13503 | Orc:2    | Killed from afar by an orc sorcerer

Skill      XL: |  1  2  3  4  5  6  7  8  9 10 11 12 |
---------------+-------------------------------------+-----
Armour         | 1 2 3 4 6 8 9 10 | 10.1
Fighting       | 4 5 6 7 8 9 10 | 10.0
Axes           | 5 6 7 8 9 11 13 15 | 15.7
Dodging        | 3 4 |  4.5
Invocations    | 3 6 7 9 10 | 10.1
Evocations     | 1 |  1.7
Stealth        | |  1.5

Action                   |  1- 3 |  4- 6 |  7- 9 | 10-12 || total
-------------------------+-------+-------+-------+-------++-------
Melee: Hand axe          |    91 |   190 |   449 |       ||   730
       Battleaxe         |       |       |    74 |   405 ||   479
       Headbutt          |       |       |       |    66 ||    66
Invok: Convert to Beogh  |       |       |     1 |       ||     1
       Smiting           |       |       |     5 |    10 ||    15
       Recall Orcish Fol |       |       |       |     2 ||     2
       Give Item to Name |       |       |       |     2 ||     2
 Abil: Evoke Flight      |       |       |       |     5 ||     5
       Stop Flying       |       |       |       |     2 ||     2
Evoke: Wand              |       |       |       |     3 ||     3
       Box of beasts     |       |       |       |     1 ||     1
  Use: Scroll            |       |    14 |     4 |     8 ||    26
       Potion            |       |     1 |     5 |     5 ||    11
 Stab: Sleeping          |       |     1 |       |       ||     1
       Distracted        |       |       |       |     4 ||     4
  Eat: Chunk             |       |     7 |     7 |    12 ||    26
       Ration            |       |       |     2 |     4 ||     6
Armor: Robe              |     5 |       |       |       ||     5
       Scale mail        |    37 |    71 |   217 |       ||   325
       Skin              |       |       |    10 |       ||    10
       Plate armour      |       |       |       |   365 ||   365
Dodge: Dodged            |    68 |   105 |   290 |   234 ||   697
